AoeStats
← Arrowhead

Arabia

508797961Analyzed
3v3 RM · 7d ago on Sep 24, 2026· 35m 18s· 6 players
Game mode
Random Map
Map size
Normal (6 player)
Population
200
Speed
Normal
Resources
Standard
Victory
Conquest
Starting age
Dark Age
Ending age
Imperial Age
RankedLock teamsTeams togetherTeam positionsShared explorationLock speedFull tech treeHidden civsTurbo modeCheats
Victory
Defeat
🇺🇸 Sicilians · United States
1276
+13
🇺🇸 Saxons · United States
1270
+14
🇺🇸 Varangians · United States
1268
+14
🇲🇽 Maya · Mexico
1243
-15
1222
-14
🇲🇽 Franks · Mexico
1185
-12
[COBRA] PANCHITO RENE
0:27 Loom
11:03 Feudal Age
13:06 Double-Bit Axe
23:36 Scale Barding Armor
28:21 Castle Age
27:11 Forging
31:34 Husbandry
33:59 Husbandry
[COBRA]HECTTOR
0:25 Loom
9:12 Feudal Age
11:55 Double-Bit Axe
14:48 Fletching
16:08 Padded Archer Armor
26:25 Castle Age
26:17 Gold Mining
27:12 Bodkin Arrow
26:43 Crossbowman
27:33 Thumb Ring
[COBRA] Nelson Damianco
5:48 Loom
9:10 Feudal Age
9:50 Double-Bit Axe
14:34 Fletching
16:19 Padded Archer Armor
24:32 Gold Mining
25:20 Wheelbarrow
33:26 Castle Age
33:02 Stone Mining
34:39 Bow Saw
andruwu
7:09 Loom
9:30 Feudal Age
10:22 Double-Bit Axe
18:15 Bloodlines
19:21 Scale Barding Armor
20:05 Forging
26:54 Castle Age
26:29 Gold Mining
27:24 Wheelbarrow
26:59 Light Cavalry
28:46 Chain Barding Armor
31:14 Bow Saw
31:10 Husbandry
31:54 Iron Casting
31:53 Horse Collar
Arrowhead
7:05 Loom
9:24 Feudal Age
9:45 Man-at-Arms
14:08 Fletching
15:04 Double-Bit Axe
20:48 Gold Mining
21:30 Padded Archer Armor
25:44 Castle Age
24:02 Horse Collar
25:47 Crossbowman
25:48 Long Swordsman
26:29 Bodkin Arrow
29:34 Wheelbarrow
28:44 Town Watch
29:23 Ballistics
33:03 Bow Saw
32:45 Stone Mining
hawkeyejnm
9:47 Feudal Age
8:06 Loom
11:03 Double-Bit Axe
11:22 Town Watch
11:47 Horse Collar
15:07 Gold Mining
15:35 Fletching
25:29 Castle Age
23:52 Stone Mining
25:39 Scale Mail Armor
26:58 Chain Mail Armor
29:12 Wheelbarrow
28:55 Squires
32:05 Bow Saw
33:04 Bodkin Arrow
Connection lost

Rejoining the realm…

Still unreachable

The connection could not be restored.

Session expired

The server has moved on; the page needs a fresh start.